AoeStats
← chiming

Black Forest

511040279Analyzed
3v3 RM · 8h ago on Oct 3, 2026· 91m 6s· 6 players
Game mode
Random Map
Map size
Normal (6 player)
Population
200
Speed
Normal
Resources
Standard
Victory
Conquest
Starting age
Dark Age
Ending age
Imperial Age
RankedLock teamsTeams togetherTeam positionsShared explorationLock speedFull tech treeHidden civsTurbo modeCheats
Victory
Defeat
🇹🇼 Khmer · Taiwan
1074
+10
🇹🇼 Vietnamese · Taiwan
1052
+11
🇹🇼 Byzantines · Taiwan
975
+14
🇹🇼 Berbers · Taiwan
953
-12
🇲🇽 Romans · Mexico
935
-12
🇺🇸 Franks · United States
912
-33
Oscar63772378
0:34 Loom
12:40 Feudal Age
13:20 Double-Bit Axe
13:17 Horse Collar
14:15 Wheelbarrow
20:48 Castle Age
18:43 Fletching
18:39 Man-at-Arms
19:24 Stone Mining
19:28 Gold Mining
20:11 Forging
31:39 Imperial Age
31:11 Gold Shaft Mining
30:42 Heavy Plow
30:55 Bow Saw
31:09 Hand Cart
31:03 Long Swordsman
34:04 Ballistas
35:33 Iron Casting
34:59 Scale Mail Armor
34:38 Heavy Scorpion
34:51 Legionary
36:13 Ballistics
36:02 Siege Engineers
36:58 Ballistics
37:01 Squires
39:41 Crop Rotation
40:46 Conscription
41:42 Pikeman
45:34 Blast Furnace
44:50 Chain Mail Armor
47:33 Halberdier
54:47 Bodkin Arrow
austinpetermeier
12:58 Feudal Age
14:16 Wheelbarrow
14:14 Loom
16:47 Double-Bit Axe
18:01 Gold Mining
23:05 Castle Age
23:23 Forging
23:20 Stone Mining
23:19 Fishing Lines
24:32 Hand Cart
25:40 Husbandry
25:40 Fletching
26:03 Bow Saw
28:38 Town Watch
30:52 Iron Casting
30:43 Ballistics
31:19 Squires
31:27 Murder Holes
32:12 Gold Shaft Mining
36:34 Imperial Age
34:22 Masonry
35:03 Scale Barding Armor
34:56 Treadmill Crane
35:35 Bodkin Arrow
35:27 Pikeman
36:51 Fortified Wall
37:23 Chain Barding Armor
36:47 Cavalier
39:27 Crossbowman
42:00 Blast Furnace
42:05 Padded Archer Armor
42:43 Conscription
45:16 Hoardings
44:06 Elite Throwing Axeman
45:22 Leather Archer Armor
49:40 Cranequins
53:28 Onager
56:28 Scale Mail Armor
55:53 Man-at-Arms
59:59 Halberdier
66:23 Long Swordsman
66:50 Gambesons
68:02 Chain Mail Armor
67:14 Two-Handed Swordsman
mozo815 灰色
1:23 Loom
12:08 Feudal Age
17:35 Double-Bit Axe
23:30 Castle Age
27:21 Kasbah
29:00 Horse Collar
31:15 Wheelbarrow
31:07 Town Watch
31:19 Fletching
31:54 Bow Saw
31:40 Fishing Lines
36:13 Ballistics
36:04 Fortified Wall
36:05 Masonry
39:06 Imperial Age
37:38 Bodkin Arrow
38:01 Scale Barding Armor
39:55 Town Patrol
40:58 Chemistry
41:31 Murder Holes
42:34 Conscription
42:00 Onager
45:07 Chain Barding Armor
44:50 Bracer
45:01 Forging
46:46 Plate Barding Armor
46:14 Padded Archer Armor
47:22 Iron Casting
46:50 Scale Mail Armor
51:18 Bloodlines
51:08 Husbandry
50:32 Cavalier
51:47 Heavy Plow
52:02 Elite Camel Archer
54:36 Crop Rotation
55:44 Blast Furnace
55:02 Leather Archer Armor
60:01 Light Cavalry
62:44 Hussar
BangBangBang
10:45 Feudal Age
10:21 Loom
14:51 Castle Age
13:15 Double-Bit Axe
15:54 Horse Collar
19:09 Bow Saw
22:06 Wheelbarrow
29:15 Imperial Age
27:31 Hand Cart
27:10 Fishing Lines
31:24 Scale Barding Armor
31:29 Forging
31:48 Heavy Plow
31:40 Gold Mining
31:40 Stone Mining
32:35 Chain Barding Armor
32:15 Gillnets
33:17 Conscription
32:58 Double Crossbow
33:35 Iron Casting
33:30 Bloodlines
33:20 Husbandry
32:44 Crossbowman
34:51 Padded Archer Armor
34:41 Fletching
34:52 Scale Mail Armor
35:08 Caravan
35:38 Coinage
36:14 Blast Furnace
35:49 Plate Barding Armor
34:40 Light Cavalry
34:59 Arbalester
37:41 Gold Shaft Mining
37:41 Stone Shaft Mining
37:43 Plate Barding Armor
37:04 Bodkin Arrow
37:16 Siege Engineers
37:31 Ballistics
38:12 Chemistry
36:55 Capped Ram
38:12 Banking
39:09 Leather Archer Armor
39:09 Chain Mail Armor
39:06 Town Watch
40:55 Siege Ram
41:51 Bracer
42:21 Ring Archer Armor
42:04 Fortified Wall
41:50 Hussar
46:06 Ring Archer Armor
49:51 Onager
54:50 Crop Rotation
54:52 Elite Ballista Elephant
62:56 Masonry
65:07 Town Patrol
66:46 Tusk Swords
66:12 Elite Battle Elephant
74:25 Spies/Treason
Neymar
0:28 Loom
12:32 Feudal Age
18:35 Castle Age
16:39 Double-Bit Axe
19:39 Bow Saw
23:58 Horse Collar
26:45 Town Watch
28:00 Heavy Plow
29:06 Wheelbarrow
29:50 Fortified Wall
35:41 Imperial Age
33:16 Padded Archer Armor
33:06 Fletching
33:21 Squires
35:03 Forging
34:54 Scale Mail Armor
35:09 Leather Archer Armor
34:50 Bodkin Arrow
35:12 Hand Cart
34:37 Pikeman
35:05 Arson
35:54 Ballistics
35:15 Treadmill Crane
36:05 Gold Mining
36:55 Iron Casting
38:11 Chemistry
37:11 Halberdier
38:47 Chain Mail Armor
39:47 Two-Man Saw
39:23 Bracer
40:43 Elite Skirmisher
42:56 Crop Rotation
41:53 Imperial Skirmisher
46:11 Ring Archer Armor
46:11 Plate Mail Armor
47:07 Paper Money
70:51 Elite Rattan Archer
chiming
0:26 Loom
12:58 Feudal Age
20:13 Castle Age
18:53 Double-Bit Axe
18:52 Horse Collar
21:20 Heavy Plow
21:33 Bow Saw
25:50 Wheelbarrow
27:57 Fortified Wall
28:23 Hand Cart
28:21 Treadmill Crane
29:02 Ballistics
29:50 Gold Mining
33:59 Imperial Age
31:51 Murder Holes
32:36 Gold Shaft Mining
35:50 Chemistry
34:36 Arrowslits
35:29 Crop Rotation
34:52 Crossbowman
35:38 Thumb Ring
36:37 Pikeman
37:17 Squires
40:03 Arbalester
43:44 Padded Archer Armor
43:34 Fletching
43:45 Light Cavalry
44:26 Husbandry
44:57 Hussar
46:58 Conscription
46:49 Logistica
46:00 Elite Cataphract
46:14 Elite Skirmisher
46:18 Halberdier
48:40 Leather Archer Armor
48:20 Bodkin Arrow
48:30 Scale Barding Armor
48:37 Forging
55:10 Chain Barding Armor
55:26 Iron Casting
54:52 Bracer
55:22 Ring Archer Armor
60:52 Plate Barding Armor
63:17 Scale Mail Armor
63:31 Heavy Camel Rider
65:09 Chain Mail Armor
68:47 Plate Mail Armor
84:20 Spies/Treason
Connection lost

Rejoining the realm…

Still unreachable

The connection could not be restored.

Session expired

The server has moved on; the page needs a fresh start.